Map: Beckett Industries LE

Players

Seither

  • Race: Terran Terran

Raza - Winner!

  • Race: Terran Terran

Event: DreamHack SC2 Masters 2021 Winter

VOD

Have the link to the VOD?

Description

Time

  • Played on: Oct. 1, 2021, 5:46 a.m.
  • Length: 5:02

All games in this series

Show
View Real Time Build Order
Export as new Build Order

Seither Terran 

Build Orders:  

Get SALT Encoding   

  12  0:00  SCV  
  13  0:12  SCV  
  14  0:17  Supply Depot  
  14  0:24  SCV  
  15  0:39  SCV  
  15  0:41  Barracks  
  16  0:45  Refinery  
  16  0:51  SCV  
  16  0:55  Refinery  
  17  1:03  SCV  
  18  1:15  SCV  
  19  1:28  Reaper  
  19  1:29  Orbital Command  
  20  1:33  Supply Depot  
  20  1:47  Factory  
  20  1:55  SCV  
  21  2:03  Reaper  
  21  2:07  SCV  
  22  2:19  SCV  
  23  2:31  SCV, Command Center  
  24  2:38  Hellion, Reaper  
  24  2:43  SCV  
  28  2:45  Supply Depot  
  28  2:55  SCV  
  29  3:04  Starport  
  31  3:08  Factory Tech Lab  
  31  3:10  Barracks Reactor  
  29  3:13  SCV  
  30  3:25  SCV  
  31  3:28  Cyclone  
  34  3:39  SCV  
  35  3:44  Refinery  
  35  3:45  Orbital Command  
  35  3:47  Marine x2  
  36  3:50  Starport Tech Lab  
  36  3:51  SCV  
  37  4:00  Siege Tank  
  39  4:05  SCV, Marine x2  
  39  4:08  Banshee  
  44  4:19  SCV  
  44  4:23  Marine x2  
Show
View Real Time Build Order
Export as new Build Order

Raza Terran - Winner!

Build Orders:  

Get SALT Encoding   

  12  0:00  SCV  
  13  0:12  SCV  
  14  0:17  Supply Depot  
  14  0:24  SCV  
  15  0:39  SCV  
  15  0:40  Barracks  
  16  0:44  Refinery  
  16  0:51  SCV  
  16  0:56  Refinery  
  17  1:03  SCV  
  18  1:15  SCV  
  19  1:28  Reaper  
  19  1:29  Orbital Command  
  19  1:30  Supply Depot  
  20  1:47  Factory  
  20  1:56  SCV  
  21  2:03  Barracks Reactor  
  21  2:08  SCV  
  22  2:20  SCV  
  23  2:26  Command Center  
  23  2:33  Hellion  
  23  2:34  SCV  
  26  2:39  Reaper x2  
  28  2:44  Supply Depot  
  28  2:47  SCV  
  29  2:54  Hellion  
  31  3:06  SCV  
  31  3:11  Reaper x2  
  34  3:17  Starport, Hellion  
  34  3:18  SCV  
  37  3:29  Refinery  
  37  3:30  SCV  
  38  3:41  Factory Tech Lab  
  38  3:42  Orbital Command, SCV  
  39  3:54  SCV  
  40  3:56  Starport Tech Lab  
  40  4:00  Marine  
  40  4:01  Marine  
  40  4:02  Cyclone  
  45  4:05  Supply Depot  
  45  4:07  SCV  
  45  4:09  SCV  
  47  4:18  Marine  
  47  4:19  Marine  
  45  4:24  SCV  
  45  4:31  SCV  
  45  4:36  Marine  

Tags
 
Add a new tag
Caveats
  • Supply blocks, unpowered buildings, or Contaminate may cause inaccurate times.
  • Supply counts are checked every 10 seconds.